 Dungeon Crawl Stone Soup version 0.23-a0-85-g22930c1 (webtiles) character file.

499 Amnesiac the Digger (level 6, 0/41 HPs)
             Began as a Mummy Earth Elementalist on Aug 13, 2018.
             Slain by a quasit (2 damage)
             ... summoned by Eustachio
             ... on level 5 of the Dungeon.
             The game lasted 00:04:28 (3890 turns).

Amnesiac the Digger (Mummy Earth Elementalist)      Turns: 3890, Time: 00:04:29

Health: 0/41       AC:  2    Str: 11    XL:     6   Next: 94%
Magic:  5/14       EV: 12    Int: 17    God:
Gold:   201        SH:  0    Dex: 12    Spells: 1/16 levels left

rFire    x . .     SeeInvis .   a - +1 war axe (flame)
rCold    + . .     Gourm    .   (no shield)
rNeg     + + +     Faith    .   c - +0 robe
rPois    ∞         Spirit   .   (no helmet)
rElec    .         Reflect  .   (no cloak)
rCorr    .         Harm     .   (no gloves)
MR       .....                  (no boots)
Stlth    ++........             (no amulet)
HPRegen  0.13/turn              (no ring)
MPRegen  0.14/turn              (no ring)

@: no status effects
A: no food or potions, fire vulnerability, cold resistance 1, negative energy
resistance 3, torment resistance, unbreathing
a: no special abilities


You were on level 5 of the Dungeon.
You were not hungry.

You visited 2 branches of the dungeon, and saw 6 of its levels.

You collected 201 gold pieces.

Inventory:

Hand Weapons
 a - a +1 war axe of flaming (weapon)
Missiles
 b - a stone (quivered)
Armour
 c - a +0 robe (worn)
Magical Staves
 k - an uncursed staff of air {unknown}
Wands
 h - a wand of paralysis (15)
 j - a wand of disintegration (12)
Scrolls
 d - a scroll of immolation {!r, unknown}
 e - a scroll of teleportation {!r, unknown}
 f - a scroll of enchant weapon {!r, unknown}
 g - 3 scrolls of blinking {!r, unknown}
 i - 4 scrolls of identify {!r, unknown}


   Skills:
 - Level 1.5 Dodging
 - Level 1.5 Stealth
 + Level 5.5 Spellcasting
 - Level 0.7 Transmutations
 * Level 5.6 Earth Magic


You had one spell level left.
You knew the following spells:

 Your Spells              Type           Power        Failure   Level  Hunger
a - Sandblast             Erth           ###...       1%          1    N/A
b - Passwall              Tmut/Erth      ###.....     5%          2    N/A
c - Stone Arrow           Conj/Erth      ##....       13%         3    N/A
d - Lee's Rapid Deconstr  Erth           ###.......   36%         5    N/A
e - Petrify               Tmut/Erth      ###.....     36%         4    N/A

Your spell library contained the following spells:

 Spells                   Type           Power        Failure   Level  Hunger
 Confuse                  Hex            #.......     38%         3    N/A
 Confusing Touch          Hex            #.....       14%         1    N/A
 Metabolic Englaciation   Hex/Ice        #.........   98%         5    N/A
 Gell's Gravitas          Tloc           #.........   38%         3    N/A
 Yara's Violent Unravell  Hex/Tmut       #.........   97%         5    N/A

Dungeon Overview and Level Annotations

Branches:
Dungeon (5/15)             Temple (1/1) D:4

Altars:
Cheibriados
Dithmenos
Elyvilon
Fedhas
Gozag
Hepliaklqana
Kikubaaqudgha
Makhleb
Okawaru
Qazlal
Ru
Uskayaw
Wu Jian
Yredelemnul
Zin
The Shining One

Annotations:
D:5 Eustachio


Innate Abilities, Weirdness & Mutations

You do not eat or drink.
Your flesh is vulnerable to fire.
You are immune to poison.
Your flesh is cold resistant. (rC+)
You are immune to negative energy. (rN+++)
You are immune to unholy pain and torment.
You can survive without breathing.


Message History

Aiming: Sandblast (safe; 1% risk of failure)
Press: ? - help, Shift-Dir - straight line, f/p - bullfrog zombie
Aim: a bullfrog zombie (severely damaged)
The blast of sand hits the bullfrog zombie.
The bullfrog zombie is almost destroyed.
b - 6 stones The bullfrog zombie hits you.
* * * LOW HITPOINT WARNING * * *
The crimson imp blinks!
Casting: Sandblast (safe; 1% risk of failure)
Confirm with . or Enter, or press ? or * to list all spells.
Aiming: Sandblast (safe; 1% risk of failure)
Press: ? - help, Shift-Dir - straight line, f/p - bullfrog zombie
Aim: a bullfrog zombie (almost destroyed)
The blast of sand hits the bullfrog zombie.
You destroy the bullfrog zombie!
b - 5 stones The crimson imp blinks!
Casting: Sandblast (safe; 1% risk of failure)
Confirm with . or Enter, or press ? or * to list all spells.
The spell is very dangerous to cast (36% risk of failure)!
Continue anyway? [Y]es or [N]o only, please.
The spell is very dangerous to cast (36% risk of failure)!
Continue anyway?
Okay, then.
Casting: Lee's Rapid Deconstruction (very dangerous; 36% risk of failure)
Confirm with . or Enter, or press ? or * to list all spells.
Aiming: Sandblast (safe; 1% risk of failure)
Press: ? - help, Shift-Dir - straight line, f - howler monkey
Aim: a howler monkey (catching its breath)
The blast of sand hits the howler monkey.
The howler monkey is severely wounded.
b - 4 stones The howler monkey misses you.
Unknown command.
Casting: Sandblast (safe; 1% risk of failure)
Confirm with . or Enter, or press ? or * to list all spells.
Aiming: Sandblast (safe; 1% risk of failure)
Press: ? - help, Shift-Dir - straight line, f/p - howler monkey
Aim: a howler monkey (severely wounded, catching its breath)
The blast of sand hits the howler monkey.
You kill the howler monkey!
b - 3 stones Unknown command.
Casting: Sandblast (safe; 1% risk of failure)
Confirm with . or Enter, or press ? or * to list all spells.
Aiming: Sandblast (safe; 1% risk of failure)
Press: ? - help, Shift-Dir - straight line, f - quasit
Aim: a quasit (summoned)
The blast of sand hits the quasit.
b - 2 stones The quokka twitches its whiskers.
The quasit bites you but does no damage.
The quasit completely misses you. The quasit barely misses you.
Unknown command.
Casting: Sandblast (safe; 1% risk of failure)
Confirm with . or Enter, or press ? or * to list all spells.
Aiming: Sandblast (safe; 1% risk of failure)
Press: ? - help, Shift-Dir - straight line, f/p - quasit
Aim: a quasit (summoned)
The blast of sand hits the quasit.
The quasit is severely wounded.
b - a stone The quasit bites you.
You die...

#.#### ##
#.....##### ..
#.@5r[# .#
#######@####.#
.............#
.......5.5..##
.............#
.......#.....#
#
.....##......#
# ....#
#......########
#.#.
#......!.......


You could see Eustachio, a quasit and a quokka.

Vanquished Creatures
  An ogre (D:5)
  A howler monkey (D:5)
  A bullfrog zombie (D:5)
  A hound (D:4)
  An orc wizard (D:3)
  Ijyb (D:3)
  An iguana (D:5)
  4 worker ants
  3 gnolls
  4 adders
  3 worms
  3 leopard geckos
  8 orcs (D:3)
  3 giant cockroaches (D:2)
  3 goblins (D:2)
  5 hobgoblins
  4 jackals
  5 kobolds
  A quokka (D:3)
  7 bats
  4 frilled lizards
  6 rats
70 creatures vanquished.

Notes
Turn   | Place    | Note
-------+----------+-------------------------------------------
     0 | D:1      | Amnesiac the Mummy Earth Elementalist began the quest for the Orb.
     0 | D:1      | Reached XP level 1. HP: 13/13 MP: 4/4
   392 | D:2      | Reached XP level 2. HP: 17/19 MP: 2/5
   416 | D:2      | Learned a level 2 spell: Passwall
   604 | D:3      | Reached XP level 3. HP: 24/24 MP: 4/7
   927 | D:4      | Found a glowing golden altar of the Shining One.
  1015 | D:4      | Reached XP level 4. HP: 30/30 MP: 4/9
  1044 | D:4      | Learned a level 3 spell: Stone Arrow
  1049 | D:4      | Learned a level 4 spell: Petrify
  1467 | D:4      | Found a staircase to the Ecumenical Temple.
  1575 | Temple   | Entered the Ecumenical Temple
  1947 | D:2      | Reached XP level 5. HP: 15/35 MP: 11/11
  3334 | D:3      | Found a glowing silver altar of Zin.
  3362 | D:3      | Noticed Ijyb
  3402 | D:3      | Killed Ijyb
  3407 | D:3      | Reached XP level 6. HP: 12/41 MP: 11/13
  3652 | D:5      | Entered Level 5 of the Dungeon
  3679 | D:5      | Reached skill level 5 in Spellcasting
  3679 | D:5      | Reached skill level 5 in Earth Magic
  3686 | D:5      | Learned a level 5 spell: Lee's Rapid Deconstruction
  3870 | D:5      | Noticed Eustachio
  3885 | D:5      | HP: 1/41 [bullfrog zombie (6)]
  3890 | D:5      | Slain by a quasit

Vault maps used:
D:1:      lemuel_arrival_behind_the_door_small
D:2:      lightli_corner_chamber
D:3:      lemuel_doored_altar, serial_forest, infiniplex_forest_corner_2,
          infiniplex_forest_clump_long, infiniplex_forest_clump_small,
          infiniplex_forest_clump_large, infiniplex_forest_end_1,
          infiniplex_forest_clump_small, infiniplex_forest_lined_4_way,
          infiniplex_forest_straight_3, uniq_ijyb
D:4:      nicolae_overflow_crystal_walls, minmay_temple_entry_enclosed_plants
D:5:      first_ration, kennysheep_generic_room_12, uniq_eustachio
Temple:   jpeg_temple_clearing

Skill      XL: |  1  2  3  4  5  6 |
---------------+-------------------+-----
Spellcasting   | 3 4 5 |  5.5
Earth Magic    | 3 4 5 |  5.6
Dodging        | |  1.5
Stealth        | |  1.5
Transmutations | |  0.7

Action                   |  1- 3 |  4- 6 || total
-------------------------+-------+-------++-------
Melee: Morningstar       |       |    52 ||    52
       War axe           |       |    26 ||    26
 Cast: Sandblast         |    33 |    82 ||   115
Evoke: Wand              |       |     5 ||     5
 Stab: Sleeping          |       |     2 ||     2
       Paralysed         |       |     6 ||     6
Armor: Robe              |     8 |    19 ||    27
Dodge: Dodged            |    23 |   100 ||   123

Table legend:
 A = Non-vault XP
 B = Vault XP
 C = Vault XP percentage of total XP
 D = Non-vault monster count
 E = Vault monster count
 F = Vault count percentage of total count
 G = Total turns spent on level
                 A         B        C        D         E       F
            +---------+---------+-------+---------+---------+-------
      Total |     678 |      36 |   5.0 |      69 |       1 |   1.4
            +---------+---------+-------+---------+---------+-------
        D:2 |      83 |       0 |   0.0 |      29 |       0 |   0.0
        D:3 |     134 |      36 |  21.2 |      26 |       1 |   3.7
        D:4 |     130 |       0 |   0.0 |       8 |       0 |   0.0
        D:5 |     331 |       0 |   0.0 |       6 |       0 |   0.0
            +---------+---------+-------+---------+---------+-------
